 Dungeon Crawl Stone Soup version 0.30-b1-2-g02819fbbbe (webtiles) character file.

Game seed: 8139721061089056577

46 nightchill the Chopper (level 3, -6/33 HPs)
             Began as a Hill Orc Fighter on Oct 5, 2023.
             Mangled by Sigmund
             ... wielding a +0 scythe
              (8 damage)
             ... on level 3 of the Dungeon.
             The game lasted 00:02:21 (1700 turns).

nightchill the Chopper (Hill Orc Fighter)           Turns: 1700, Time: 00:02:22

Health: -6/33      AC:  6    Str: 18    XL:     3   Next: 66%
Magic:  3/3        EV:  9    Int: 10    God:
Gold:   72         SH:  4    Dex: 10    Spells: 2/2 levels left

rFire   . . .        a - +0 war axe
rCold   . . .        c - +0 buckler
rNeg    . . .        b - +0 scale mail
rPois   .            (no helmet)
rElec   .            (no cloak)
rCorr   .            (no gloves)
SInv    .            (no boots)
Will    .....        (no amulet) Stlth
                     (no ring)
HPRegen 0.25/turn    (no ring)
MPRegen 0.08/turn

%: no passive effects
@: mighty
A: no striking features
a: no special abilities


You were on level 3 of the Dungeon.
You visited 1 branch of the dungeon, and saw 3 of its levels.

You collected 72 gold pieces.

Inventory:

Hand Weapons
 a - a +0 war axe (weapon)
Armour
 b - a +0 scale mail (worn)
 c - a +0 buckler (worn)
 i - a +0 leather armour
Jewellery
 h - a ring of poison resistance
Scrolls
 e - a scroll of torment {unknown}
 j - 3 scrolls of identify {unknown}
 n - 2 scrolls of vulnerability {unknown}
 o - a scroll of enchant weapon {unknown}
Potions
 d - a potion of might
 f - 4 potions of curing {unknown}
 g - a potion of brilliance {unknown}
 k - a potion of mutation {unknown}
 l - a potion of invisibility {unknown}
 m - a potion of degeneration {unknown}


   Skills:
 + Level 4.3 Fighting
 * Level 4.5 Axes
 - Level 3.2 Armour
 - Level 3.2 Shields


You had 2 spell levels left.
You didn't know any spells.
Your spell library contained the following spells:

 Spells                   Type           Power      Damage    Failure   Level
 Inner Flame              Hex/Fire       0%         N/A       99%         3
 Flame Wave               Conj/Fire      0%         2d4       100%        4
 Sticky Flame             Conj/Fire      0%         2d3       100%        4


Dungeon Overview and Level Annotations

Branches:
Dungeon (3/15)

Altars:

Annotations:
D:3 Sigmund


Message History

Found a robe.
The rat bites you but does no damage.
You barely miss the rat. The rat bites you.
You slash the rat!
You kill the rat!
No target in view!
No target in view!
Found a stone staircase leading down.
You see here a rat corpse.
Sigmund the Dreaded comes into view.
He is wielding a +0 scythe.
Sigmund shouts!
You feel very mighty all of a sudden.
Sigmund screams, "Don't try to resist!"
Sigmund hits you but does no damage.
You closely miss Sigmund. Sigmund barely misses you.
You closely miss Sigmund. You block Sigmund's attack.
You slash Sigmund!
Sigmund is heavily wounded.
Sigmund hits you with a +0 scythe.
You barely miss Sigmund.
Sigmund is heavily wounded.
Sigmund says, "Look into my eyes."
Sigmund points at you and mumbles some strange words.
The puff of flame hits you!
You barely miss Sigmund.
Sigmund is heavily wounded.
Sigmund mumbles some strange words.
Sigmund flickers and vanishes!
Deactivating autopickup; reactivate with Ctrl-A.
You hear some strange, mumbled words.
A puff of flame appears from out of thin air!
The puff of flame hits you!
* * * LOW HITPOINT WARNING * * *
You hit something. Something hits you but does no damage.
You slash something!
You hear some strange, mumbled words.
A puff of flame appears from out of thin air!
The puff of flame hits you!
* * * LOW HITPOINT WARNING * * *
You barely miss something. Something hits you!
You die...

#.#.###.# #.#.#..<#
#.#.##..#.#
...###.#.......#
.........###########
........†...........
...................#
..............[....+
............@{.....#
...................#
...................#
#########..........#
#.....>....+
#..........#
#...........
#..........#


There were no monsters in sight!

Vanquished Creatures
  An adder (D:2)
  4 ball pythons
  4 bats
  2 endoplasms (D:1)
  4 goblins
  4 hobgoblins
  6 jackals (D:1)
  A frilled lizard (D:1)
  5 kobolds
  3 rats
34 creatures vanquished.

Notes
Turn   | Place    | Note
-------+----------+-------------------------------------------
     0 | D:1      | nightchill the Hill Orc Fighter began the quest for the
                  | Orb.
     0 | D:1      | Reached XP level 1. HP: 19/19 MP: 1/1
     3 | D:1      | Noticed an electric eel
     3 | D:1      | Noticed an electric eel
   113 | D:1      | Reached XP level 2. HP: 27/27 MP: 2/2
   218 | D:1      | Found a faded altar of an unknown god.
   511 | D:1      | Reached XP level 3. HP: 25/33 MP: 3/3
  1688 | D:3      | Noticed Sigmund
  1700 | D:3      | Mangled by Sigmund

Illustrated notes

Levels and vault maps discovered:
D:1:      arrival_aquarium_b, layout_loops_ring, chequers_ecumenical_altar_grove
D:2:      layout_basic
D:3:      layout_basic, kennysheep_ying_yang,
          mainiacjoe_overflow_large_starburst, minmay_misc_feat_roman,
          uniq_crazy_yiuf_cottage, uniq_sigmund

Skill      XL: |  1  2 |
---------------+-------+-----
Axes           | 3 4 |  4.5
Fighting       | 4 |  4.3
Armour         | |  3.2
Shields        | |  3.2

Action                     || total
---------------------------++-------
  Melee: War axe           ||   109
    Use: Potion            ||     1
 Armour: Scale mail        ||    47
  Dodge: Dodged            ||    45
  Block: Buckler           ||    29
